 Dungeon Crawl Stone Soup version 0.30-a0-377-g5cb311bc9f (webtiles) character file.

Game seed: 580082746813301624

18 Shayle the Conjurer (level 2, 0/22 HPs)
             Began as a Demonspawn Reaver on Nov 28, 2022.
             Slain by a worm (4 damage)
             ... on level 2 of the Dungeon.
             The game lasted 00:04:15 (699 turns).

Shayle the Conjurer (Demonspawn Reaver)              Turns: 699, Time: 00:04:15

Health: 0/22       AC:  3    Str: 12    XL:     2   Next: 51%
Magic:  5/5        EV: 11    Int: 14    God:
Gold:   95         SH:  0    Dex: 11    Spells: 2/5 levels left

rFire   . . .      SeeInvis .    a - +0 hand axe
rCold   . . .      Faith    .    (no shield)
rNeg    . . .      Spirit   .    b - +0 leather armour
rPois   .          Reflect  .    (no helmet)
rElec   .          Harm     .    (no cloak)
rCorr   .          Rampage  .    (no gloves)
Will    .....                    (no boots)
Stlth   +.........               (no amulet)
HPRegen 0.23/turn                (no ring)
MPRegen 0.09/turn                (no ring)

@: no status effects
A: spiny 1
a: no special abilities


You were on level 2 of the Dungeon.
You visited 1 branch of the dungeon, and saw 2 of its levels.

You collected 95 gold pieces.

Inventory:

Hand Weapons
 a - a +0 hand axe (weapon)
Armour
 b - a +0 leather armour (worn)
Scrolls
 d - a scroll of brand weapon {unknown}
 g - a scroll of teleportation {unknown}
 h - a scroll of enchant armour {unknown}
 j - a scroll of immolation {unknown}
 k - a scroll of fear {unknown}
 l - a scroll of amnesia {unknown}
Potions
 c - a potion of degeneration {unknown}
 e - 3 potions of lignification {unknown}
 f - a potion of heal wounds {unknown}
 i - a potion of curing {unknown}


   Skills:
 + Level 2.2 Fighting
 + Level 2.9 Axes
 + Level 2.0 Dodging
 + Level 2.2 Spellcasting
 + Level 3.1 Conjurations


You had 2 spell levels left.
You knew the following spells:

 Your Spells              Type           Power      Damage    Failure   Level
a - Kiss of Death         Conj/Necr      24%        2d7       16%         1
b - Scorch                Fire           2%         2d5       41%         2

Your spell library contained the following spells:

 Spells                   Type           Power      Damage    Failure   Level
 Momentum Strike          Conj/Tloc      12%        3d8       24%         2
 Hailstorm                Conj/Ice       6%         3d4       43%         3
 Flame Wave               Conj/Fire      6%         2d5       83%         4
 Summon Cactus Giant      Summ           0%         N/A       100%        6


Dungeon Overview and Level Annotations

Branches:
Dungeon (2/15)

Altars:


Innate Abilities, Weirdness & Mutations

You are partially covered in sharp spines.


Message History

The jackal barely misses you. The jackal bites you.
A rat comes into view.
The jackal is struck by your spines. The jackal closely misses you.
The jackal attacks as you move away! The jackal is struck by your spines.
The jackal bites you but does no damage.
The jackal attacks as you move away!
The jackal bites you but does no damage.
The jackal is struck by your spines.
You kill the jackal!
You see here a hobgoblin corpse.
You start resting.
A worm is nearby!
You hit the rat.
You kill the rat!
You hit the worm.
The worm is lightly wounded.
The worm is struck by your spines. The worm bites you!
You hit the worm.
The worm is moderately wounded.
You hit the worm.
The worm is severely wounded.
The worm is struck by your spines. The worm bites you!
* * * LOW HITPOINT WARNING * * *
You barely miss the worm.
The worm is severely wounded.
The worm closely misses you.
You hit the worm but do no damage.
The worm is heavily wounded.
The worm barely misses you.
You hit the worm.
The worm is heavily wounded.
You hit the worm.
The worm is severely wounded.
The worm is struck by your spines. The worm bites you.
* * * LOW HITPOINT WARNING * * *
You hit the worm.
The worm is almost dead.
The worm is struck by your spines. The worm bites you.
You die...

.........#####.###....#^#
.#######.......##..#..#.#.
####.####........(#
#.###>†.........
#.##.......#####
#†#.........#
#.##.......##
########.###.....#####
........@####†........
#########w..........##
#.....#.##### #...#.)....
##..###.### #..# .# #..#
.# #..# .# ...#


You could see a worm.

Vanquished Creatures
  2 endoplasms (D:2)
  4 hobgoblins
  4 jackals (D:2)
  2 kobolds
  4 rats
16 creatures vanquished.

Notes
Turn   | Place    | Note
-------+----------+-------------------------------------------
     0 | D:1      | Shayle the Demonspawn Reaver began the quest for the Orb.
     0 | D:1      | Reached XP level 1. HP: 16/16 MP: 3/3
   584 | D:2      | Gained mutation: You are partially covered in sharp spines.
                  | [demonic ancestry]
   584 | D:2      | Reached XP level 2. HP: 20/22 MP: 5/5
   592 | D:2      | Learned a level 2 spell: Scorch
   699 | D:2      | Slain by a worm

Illustrated notes

Levels and vault maps discovered:
D:1:      psy_arrival_heroes, layout_basic, minmay_misc_feat_ornament,
          minmay_misc_feat_doors
D:2:      layout_loops_ring, ebering_dispersal_statue_hall

Skill      XL: |  1  2 |
---------------+-------+-----
Dodging        | 2 |  2.0
Fighting       | |  2.2
Axes           | |  2.9
Spellcasting   | |  2.2
Conjurations   | |  3.1

Action                   || total
-------------------------++-------
Melee: Hand axe          ||    54
       Punch             ||     1
Armor: Leather armour    ||    10
Dodge: Dodged            ||    26

Table legend: (Time is in decaauts)
 A = Elapsed time spent in this place.
 B = Non-inter-level travel time spent in this place.
 C = Inter-level travel time spent in this place.
 D = Time resting spent in this place.
 E = Time spent auto-exploring this place.
 F = Levels seen in this place.
 G = Mean time per level.
                   A        B        C        D        E       F      G
               +--------+--------+--------+--------+--------+-----+--------+
         Total |    707 |    707 |      0 |     36 |    430 |   2 |  353.5 |
       Dungeon |    707 |    707 |      0 |     36 |    430 |   2 |  353.5 |
               +--------+--------+--------+--------+--------+-----+--------+

Top non-repeatable levels by time:
     D:1: 458 daAuts
     D:2: 249 daAuts
